 Dungeon Crawl Stone Soup version 0.19.5 (webtiles) character file.

63 IcyNumb the Firebug (level 3, -16/19 HPs)
             Began as a Deep Elf Fire Elementalist on May 18, 2017.
             Killed from afar by an orc wizard (22 damage)
             ... with an exploding inner flame
             ... hexed by the player character
             ... on level 2 of the Dungeon.
             The game lasted 00:28:14 (2377 turns).

IcyNumb the Firebug (Deep Elf Fire Elementalist)    Turns: 2377, Time: 00:28:20

Health: -16/19     AC:  7    Str:  5    XL:     3   Next: 89%
Magic:  0/10       EV: 12    Int: 20    God:
Gold:   133        SH:  0    Dex: 15    Spells: 4 memorised, 1 level left

rFire  . . .     SeeInvis .     f - +0 spear
rCold  . . .     Gourm    .     n - +0 leather armour
rNeg   . . .     Faith    .     (no shield)
rPois  .         Spirit   .     w - +0 helmet
rElec  .         Reflect  .     u - +2 cloak
rCorr  .         Harm     .     (no gloves)
MR     .....                    (no boots)
Stlth  ++........               i - amulet of regeneration
                                (no ring)
                                (no ring)

@: very slightly contaminated
A: no striking features
a: no special abilities


You were on level 2 of the Dungeon.
You were not hungry.

You visited 1 branch of the dungeon, and saw 3 of its levels.

You collected 133 gold pieces.

Inventory:

Hand Weapons
 f - a +0 spear (weapon)
 h - a +0 dagger
 s - a +0 rapier
Missiles
 v - a throwing net (quivered)
Armour
 a - a +0 robe
 n - a +0 leather armour (worn)
 o - a +0 naga barding
 u - a +2 cloak (worn)
 w - a +0 helmet (worn)
Jewellery
 i - an amulet of regeneration (around neck)
Scrolls
 d - 2 scrolls of recharging {unknown}
 e - a scroll of identify {unknown}
 k - a scroll of amnesia {unknown}
 l - a scroll of random uselessness {unknown}
 m - a scroll of noise {unknown}
 q - 4 scrolls of remove curse {unknown}
 t - 2 scrolls of magic mapping {unknown}
Potions
 j - a potion of resistance {unknown}
 p - 2 potions of agility {unknown}
 r - a potion of might {unknown}
 x - a potion of lignification {unknown}
Books
 b - a book of Flames

   Spells                             Type                      Level
   a - Flame Tongue                   Conjuration/Fire             1
   b - Throw Flame                    Conjuration/Fire             2
   c - Conjure Flame                  Conjuration/Fire             3
   d - Inner Flame                    Hexes/Fire                   3
   e - Sticky Flame                   Conjuration/Fire             4
   f - Fireball                       Conjuration/Fire             5
Comestibles
 c - 2 bread rations
 g - a meat ration
 z - 2 chunks of flesh


   Skills:
 + Level 2.8 Dodging
 + Level 2.9 Stealth
 + Level 4.0 Spellcasting
 + Level 1.9 Conjurations
 + Level 4.0 Fire Magic


You had one spell level left.
You knew the following spells:

 Your Spells              Type           Power        Failure   Level  Hunger
a - Flame Tongue          Conj/Fire      ###..        10%         1    None
b - Conjure Flame         Conj/Fire      ###.....     24%         3    ###....
c - Inner Flame           Hex/Fire       ##......     28%         3    ###....
d - Throw Flame           Conj/Fire      ###...       12%         2    #......


Dungeon Overview and Level Annotations

Branches:
Dungeon (3/15)

Altars:


Message History

Aiming: Flame Tongue
Press: ? - help, Shift-Dir - straight line, f/p - orc wizard
Aim: an orc wizard, wielding a dagger and wearing a robe (almost dead, inner flame)
You miscast Flame Tongue.
You are very lightly contaminated with residual magic.
Nothing appears to happen.
The orc wizard barely misses you. The hobgoblin hits you.
Casting: Flame Tongue
Confirm with . or Enter, or press ? or * to list all spells.
Aiming: Flame Tongue
Press: ? - help, Shift-Dir - straight line, f/p - orc wizard
Aim: an orc wizard, wielding a dagger and wearing a robe (almost dead, inner flame)
The flame tongue hits the orc wizard.
The orc wizard explodes!
The fiery explosion engulfs the hobgoblin.
You kill the hobgoblin!
Your Spellcasting skill increases to level 4!
The fiery explosion engulfs you!
Ouch! That really hurt!
You die...

#...#########.###.###.......#....
#.........##...##....♣♣♣♣P♣.##.##
#.........##...#####♣♣PP....##...
...............#####♣PP.P♣♣######
...............##...♣P.♣P♣ #
...............##.##..P♣♣♣#######
#####..........§§.##♣.♣♣ #......
### #.........§§)...♣.♣ #.#####
..# #.##......§§@#....# #.#####
..###.##.......#.#.#### #.#.#.#
♣.P....###.#.....#.# #....†)
♣P.PP........##♣♣♣♣# #.#.#.#
...♣♣.P.##....♣..P #####......
...♣♣♣♣.###...♣ .P. ♣♣..####.#.#
...PP.P.....##♣ .. .♣#.........
#......##)..# ♣.♣ P.♣♣##.#.#.#
.......##...#


PP♣P.P♣ #...... There were no monsters in sight!

Vanquished Creatures
  4 adders (D:2)
  A worm (D:2)
  A dart slug (D:1)
  2 orcs (D:2)
  A bat (D:1)
  A giant cockroach (D:2)
  3 goblins
  2 hobgoblins
  A quokka (D:2)
  2 kobolds (D:2)
  5 rats
23 creatures vanquished.

Notes
Turn   | Place    | Note
-------+----------+-------------------------------------------
     0 | D:1      | IcyNumb the Deep Elf Fire Elementalist began the quest for the Orb.
     0 | D:1      | Reached XP level 1. HP: 10/10 MP: 6/6
   828 | D:2      | Reached XP level 2. HP: 15/15 MP: 6/8
  1661 | D:2      | Reached XP level 3. HP: 19/19 MP: 2/10
  1666 | D:2      | Learned a level 3 spell: Conjure Flame
  1670 | D:2      | Learned a level 3 spell: Inner Flame
  1673 | D:2      | Learned a level 2 spell: Throw Flame
  2377 | D:2      | Killed from afar by an orc wizard

Skill      XL: |  1  2  3 |
---------------+----------+-----
Fire Magic     | 4 |  4.0
Spellcasting   | 4 |  4.0
Dodging        | |  2.8
Stealth        | |  2.9
Conjurations   | |  1.9

Action                   || total
-------------------------++-------
Melee: Spear             ||    23
 Cast: Flame Tongue      ||    45
       Throw Flame       ||     9
       Inner Flame       ||     1
  Eat: Chunk             ||     5
Armor: Robe              ||     1
       Leather armour    ||     5
Dodge: Dodged            ||    22
